cohdb
Replays
Latest Replays
All Replays
Popular Replays
Top Player Replays
Match Explorer
How It Works
Community
CoH3 Stats
Reddit
Sign in to upload your games and track your stats! →
Sign in with Steam
Match 42386909
Unlisted
Match 42386909
Overview
Messages
Build Orders
End
Kettenkrad Recon Vehicle
Construct Infanterie Kompanie
MG 42 Machine Gun Team
Selects Breakthrough Battlegroup
Selects Assault Grenadiers
Grenadier Squad
Grenadier Squad
Medical Station
GrW 34 Mortar Team
Infanterie Officer Quarters
Selects Breakthrough
GrW 34 Mortar Team
Grenadier Squad
Selects Mechanized Assault Group
Mechanized Assault Group
Construct Panzergrenadier Kompanie
Construct Panzer Kompanie
Panzer IV Medium Tank
Pioneer Squad
Selects Rapid Production
Selects Blitzkrieg
Panzer IV Medium Tank
Selects Panzer IV Command Tank Sd.Kfz. 161/1
Selects Panzer IV Command Tank Sd.Kfz. 161/1
Panzer IV Command Tank
Luka1
💧CheckO ||30|| FpS💧
Panda Z
Kylen
SHIRO
Fire
0
0
Comments
sign in to comment!
No comments posted yet!